 Dungeon Crawl Stone Soup version 0.18.1-1-g2f07953 (webtiles) character file.

15 Ptimou the Scratcher (level 2, 0/12 HPs)
             Began as a Felid Transmuter on May 7, 2016.
             Slain by a giant newt (3 damage)
             ... on level 1 of the Dungeon.
             The game lasted 00:04:34 (309 turns).

Ptimou the Scratcher (Felid Transmuter)              Turns: 309, Time: 00:04:34

Health: 0/12       AC:  1    Str:  6    XL:     2   Next: 34%
Magic:  6/6        EV: 18    Int: 14    God:
Gold:   20         SH:  0    Dex: 16    Spells: 2 memorised, 2 levels left
                                        Lives:  0   Deaths: 0

rFire  . . .     SeeInvis +       - Unarmed
rCold  . . .     Gourm    .     (armour unavailable)
rNeg   . . .     Faith    .     (shield unavailable)
rPois  .         Spirit   .     (helmet unavailable)
rElec  .         Dismiss  .     (cloak unavailable)
rCorr  .         Reflect  .     (gloves unavailable)
SustAt .         Harm     .     (boots unavailable)
MR     .....                    (no amulet)
Stlth  ++........               (no ring)
                                (no ring)

@: very slightly contaminated, quick, not resistant to hostile enchantments,
unstealthy
A: no armour, no weapons or thrown items, claws 1, fangs 3, see invisible,
carnivore 3, speed 1, shaggy fur 1, slow metabolism 1, sharp paws
a: no special abilities


You were on level 1 of the Dungeon.
You were not hungry.

You visited 1 branch of the dungeon, and saw 1 of its levels.

You collected 20 gold pieces.

Inventory:

Missiles
 a - 32 arrows
Scrolls
 d - a scroll of identify {unknown}
Books
 b - a book of Changes

   Spells                             Type                      Level
   a - Beastly Appendage              Transmutation                1
   b - Sticks to Snakes               Transmutation                2
   c - Spider Form                    Transmutation/Poison         3
   d - Ice Form                       Ice/Transmutation            4
   e - Blade Hands                    Transmutation                5
Comestibles
 c - a meat ration


   Skills:
 + Level 1.0 Fighting
 + Level 2.9 Dodging
 + Level 3.4 Unarmed Combat
 + Level 2.1 Spellcasting
 + Level 2.3 Transmutations


You had 2 spell levels left.
You knew the following spells:

 Your Spells              Type           Power        Failure   Level  Hunger
a - Beastly Appendage     Trmt           #.....       12%         1    #......
b - Sticks to Snakes      Trmt           #.......     17%         2    ###....


Dungeon Overview and Level Annotations

Branches:
Dungeon (1/15)

Altars:


Innate Abilities, Weirdness & Mutations

You cannot wear armour.
You are incapable of wielding weapons or throwing items.
You have sharp claws.
You have razor-sharp teeth.
You have supernaturally acute eyesight.
You are carnivorous and can eat meat at any time.
You cover ground quickly.
You are covered in fur (AC +1).
You have a slow metabolism.
Your sharp claws are effective at attacking unaware monsters.


Message History

Your mouth is now empty.
You drop a book of Changes.
b - a book of Changes You completely miss the giant newt.
The giant newt misses you.
You scratch the giant newt.
You kill the giant newt!
A dart slug comes into view.
Found a viscous dark potion.
A giant newt comes into view.
The dart slug closely misses you.
You claw the dart slug!
The dart slug is severely wounded.
You scratch the dart slug.
You kill the dart slug!
You see here a scroll labeled USKIPLO LOYJIACRA.
d - a scroll labeled USKIPLO LOYJIACRA You barely miss the giant newt.
Your bite misses the giant newt. The giant newt misses you.
You miss the giant newt. Your bite misses the giant newt.
The giant newt bites you.
You die...

#..#..# .. ...#..# #.
#.....##### ###.##
##....†...###....#
##.#....#...>....#
.........####....#####
######.#.#.....#.....##
######.#........l...!.##
.......#........@......#
########...............#
# ######...............#
###....................#
...)...................#
###.....#.............##
# #######............##
# #..####.###### # ##.#
.#


You could see a giant newt.

Vanquished Creatures
  A dart slug (D:1)
  4 bats (D:1)
  A giant cockroach (D:1)
  A goblin (D:1)
  A hobgoblin (D:1)
  4 giant newts (D:1)
  A rat (D:1)
13 creatures vanquished.

Notes
Turn   | Place    | Note
--------------------------------------------------------------
     0 | D:1      | Ptimou the Felid Transmuter began the quest for the Orb.
     0 | D:1      | Reached XP level 1. HP: 9/9 MP: 4/4
   131 | D:1      | Reached XP level 2. HP: 1/12 MP: 4/6
   135 | D:1      | Learned a level 2 spell: Sticks to Snakes
   309 | D:1      | Slain by a giant newt

Action                   || total
-------------------------++-------
Melee: Unarmed           ||    37
       Headbutt          ||     4
       Punch             ||     1
 Cast: Beastly Appendage ||     6
       Sticks to Snakes  ||     2
  Use: Scroll            ||     1
Armor: Skin              ||     1
Dodge: Dodged            ||    44
